 Dungeon Crawl Stone Soup version 0.30-a0-160-gcfceee88d3 (webtiles) character file.

Game seed: 5761397007304786123

422 qw the Chopper (level 6, -1/38 HPs)
             Began as a Gargoyle Fighter on Sept 27, 2022.
             Killed by divine providence
             ... invoked by an orc priest
              (9 damage)
             ... on level 4 of the Dungeon.
             The game lasted 00:01:33 (4616 turns).

qw the Chopper (Gargoyle Fighter)                   Turns: 4616, Time: 00:01:34

Health: -1/38      AC: 15    Str: 20 (21) XL:     6   Next: 95%
Magic:  6/6        EV:  9    Int:  9      God:
Gold:   213        SH:  4    Dex:  8 (9)  Spells: 5/5 levels left

rFire   . . .      SeeInvis .    Y - +2 war axe
rCold   . . .      Faith    .    c - +0 buckler
rNeg    + . .      Spirit   .    b - +0 scale mail
rPois   inf        Reflect  .    (no helmet)
rElec   +          Harm     .    (no cloak)
rCorr   .          Rampage  .    (no gloves)
Will    .....                    (no boots)
Stlth   ..........               i - amulet of the acrobat
HPRegen 0.12/turn                n - +4 ring of protection
MPRegen 0.10/turn                (no ring)

@: about to teleport
A: sickness immunity, AC +4, negative energy resistance 1, electricity
resistance, torment resistance 1, petrification resistance
a: no special abilities


You were on level 4 of the Dungeon.
You visited 1 branch of the dungeon, and saw 4 of its levels.

You collected 213 gold pieces.


Innate Abilities, Weirdness & Mutations

You are immune to sickness and miasma.
Your stone body is resilient. (AC +4)
You are immune to poison.
You resist negative energy. (rN+)
You are resistant to electric shocks. (rElec)
You are resistant to unholy torment.
You are immune to petrification.


   Skills:
 - Level 4.1 Fighting
 - Level 6.2 Axes
 - Level 3.2 Armour
 + Level 0.0 Dodging
 - Level 3.2 Shields


You had 5 spell levels left.
You didn't know any spells.
Your spell library was empty.

Inventory:

Hand Weapons
 q - a +0 flail
 Y - a +2 war axe (weapon)
Armour
 b - a +0 scale mail (worn)
 c - a +0 buckler (worn)
Jewellery
 e - a ring of ice
 i - an amulet of the acrobat (around neck)
 n - a +4 ring of protection (left hand)
Scrolls
 l - 2 scrolls of identify
Potions
 a - a potion of haste
 d - a potion of might
 h - a potion of ambrosia {unknown}
 j - a potion of mutation {unknown}
 k - a potion of cancellation {unknown}
 m - a potion of heal wounds {unknown}
 o - a potion of attraction

Dungeon Overview and Level Annotations

Branches:
Dungeon (4/15)
 Temple: D:4-7

Altars:

Shops:
D:3 [


Message History

Enter note: You hit the orc.
The orc is lightly wounded.
You block the orc's attack.
The orc priest looks satisfied for a moment.
You slash the orc!
You kill the orc!
The orc priest begins to cast a cantrip, but forgets the words!
You closely miss the orc priest.
The orc priest calls down the wrath of Beogh upon you.
You barely resist. You closely miss the orc priest. You hit the orc.
You block the orc's attack.
The orc priest hits you but does no damage.
You writhe in agony.
You barely miss the orc.
The orc is lightly wounded.
You barely miss the orc priest. You block the orc's attack.
The orc priest calls upon Beogh to heal the orc.
The orc's wounds heal themselves!
You hit the orc priest.
The orc priest is moderately wounded.
You hit the orc. The orc hits you but does no damage.
The orc priest hits you with a +1 morningstar of pain!
You barely miss the orc.
The orc is heavily wounded.
You slash the orc priest! The orc completely misses you.
The orc priest invokes the aid of Beogh against you.
Beogh smites you! You block the orc priest's attack.
The orc hits you but does no damage.
4616 ||| READING scroll of teleportation.
As you read the scroll of teleportation, it crumbles to dust.
You feel strangely unstable. The orc hits you but does no damage.
The orc priest invokes the aid of Beogh against you.
Beogh smites you!
You die...

########
####....o@#
###
##....####o#
.<#####..####
#o#
........##
8.8 ..#.#####
#.# .##.# #.#
.##.# #.#
###.# 8.8 #.#


You could see 2 orc priests and an orc.

Vanquished Creatures
  A black bear (D:4)
  2 necrophages
  An iguana (D:3)
  2 orc wizards (D:4)
  5 adders
  2 adder zombies (D:2)
  An adder skeleton (D:2)
  3 worms
  2 orcs (D:4)
  7 ball pythons
  3 bat zombies (D:2)
  5 endoplasms
  5 giant cockroaches
  5 goblins
  11 hobgoblins
  2 kobolds
  2 quokkas
  A ball python zombie (D:2)
  8 bats
  2 frilled lizards (D:1)
  A quokka skeleton (D:2)
  2 rats
  A spectral hobgoblin (D:1)
74 creatures vanquished.

Notes
Turn   | Place    | Note
-------+----------+-------------------------------------------
     0 | D:1      | qw the Gargoyle Fighter began the quest for the Orb.
     0 | D:1      | Reached XP level 1. HP: 14/14 MP: 1/1
     0 | D:1      | 0 ||| qw: Version: 0.2-a-10-g37ed214
     0 | D:1      | 0 ||| qw: Game counter: 598
     0 | D:1      | 0 ||| qw: Always use a shield: true
     0 | D:1      | 0 ||| qw: God list: Okawaru
     0 | D:1      | 0 ||| qw: Allow faded altars: false
     0 | D:1      | 0 ||| qw: Do Orc after D:15 true
     0 | D:1      | 0 ||| qw: Do second Lair branch before Depths: true
     0 | D:1      | 0 ||| qw: Lair rune preference: random
     0 | D:1      | 0 ||| qw: Plans: Normal, Zot:1-4, God:TSO, Crypt, Tomb,
                  | Pan, Slime:5, Hells, Abyss, Orb
     0 | D:1      | 0 ||| PLANNING D:1-11
    40 | D:1      | Reached skill level 2 in Axes
   600 | D:1      | Reached XP level 2. HP: 18/19 MP: 2/2
   739 | D:1      | Found a faded altar of an unknown god.
  1201 | D:1      | 1201 ||| UPGRADING to amulet of the acrobat.
  1206 | D:1      | 1206 ||| READING scroll labelled WULOIC TUADA.
  1207 | D:1      | 1207 ||| READING scroll labelled LEAJAE GYRUA.
  1253 | D:2      | 1253 ||| STAIRDANCE
  1328 | D:2      | Reached skill level 3 in Axes
  1328 | D:2      | Reached XP level 3. HP: 23/23 MP: 3/3
  1999 | D:2      | 1999 ||| DROPPING +0 whip.
  2039 | D:2      | Reached XP level 4. HP: 28/28 MP: 4/4
  2090 | D:2      | Reached skill level 4 in Axes
  2131 | D:2      | 2131 ||| Stepping ~*~*~tactically~*~*~ (stealth).
  2133 | D:2      | 2133 ||| Stepping ~*~*~tactically~*~*~ (hiding).
  2560 | D:2      | Noticed a necrophage
  2571 | D:2      | Killed a necrophage
  2572 | D:2      | Reached XP level 5. HP: 26/32 MP: 5/5
  2630 | D:2      | 2630 ||| READING scroll labelled SIBEINA ZUUDES.
  2631 | D:2      | 2631 ||| READING 2 scrolls labelled UHANAI VOULO.
  2632 | D:2      | 2632 ||| READING scroll of enchant weapon.
  2632 | D:2      | 2632 ||| ENCHANTING +1 war axe.
  2633 | D:2      | 2633 ||| READING scroll labelled AKHLIE SIQICEKIPS.
  2636 | D:2      | 2636 ||| DRINKING 2 green potions.
  2637 | D:2      | 2637 ||| READING 2 scrolls of identify.
  2637 | D:2      | 2637 ||| IDENTIFYING orange potion
  2733 | D:3      | Found Maku Guff's Antique Armour Emporium.
  2738 | D:3      | 2738 ||| SHOPLISTING glowing plate armour (546 gold, have
                  | 128).
  2738 | D:3      | 2738 ||| SHOPLISTING jewelled ring mail (189 gold, have
                  | 128).
  2738 | D:3      | 2738 ||| SHOPLISTING plate armour (483 gold, have 128).
  2738 | D:3      | 2738 ||| SHOPLISTING scorched ring mail (189 gold, have
                  | 128).
  2738 | D:3      | 2738 ||| SHOPLISTING translucent leather armour (147 gold,
                  | have 128).
  2740 | D:3      | 2740 ||| Stepping ~*~*~tactically~*~*~ (stealth).
  2741 | D:3      | 2741 ||| Stepping ~*~*~tactically~*~*~ (stealth).
  2763 | D:3      | Reached skill level 5 in Axes
  3083 | D:3      | 3083 ||| DROPPING +1 mace of protection.
  3661 | D:3      | 3661 ||| UPGRADING to +4 ring of protection.
  3662 | D:3      | 3662 ||| READING scroll labelled GUAH JEGHEGH.
  3663 | D:3      | 3663 ||| READING scroll labelled MAWIGUI GESH.
  3664 | D:3      | 3664 ||| DRINKING 2 bubbling emerald potions.
  3665 | D:3      | 3665 ||| DRINKING 2 sedimented amethyst potions.
  3666 | D:3      | 3666 ||| READING 2 scrolls of identify.
  3666 | D:3      | 3666 ||| IDENTIFYING amethyst potion
  3667 | D:3      | 3667 ||| DROPPING potion of brilliance.
  3668 | D:3      | 3668 ||| DROPPING potion of degeneration.
  3858 | D:4      | 3858 ||| Stepping randomly (stuck).
  3859 | D:4      | 3859 ||| Stepping randomly (stuck).
  3860 | D:4      | 3860 ||| Stepping randomly (stuck).
  3861 | D:4      | 3861 ||| Stepping randomly (stuck).
  3862 | D:4      | 3862 ||| Stepping randomly (stuck).
  3863 | D:4      | 3863 ||| Stepping randomly (stuck).
  3864 | D:4      | 3864 ||| Stepping randomly (stuck).
  3865 | D:4      | 3865 ||| Stepping randomly (stuck).
  3870 | D:4      | 3870 ||| Stepping randomly (stuck).
  3871 | D:4      | 3871 ||| Stepping randomly (stuck).
  3872 | D:4      | 3872 ||| Stepping randomly (stuck).
  3874 | D:4      | 3874 ||| Stepping randomly (stuck).
  3875 | D:4      | 3875 ||| Stepping randomly (stuck).
  3876 | D:4      | 3876 ||| Stepping randomly (stuck).
  3877 | D:4      | 3877 ||| Stepping randomly (stuck).
  3878 | D:4      | 3878 ||| Stepping randomly (stuck).
  3879 | D:4      | 3879 ||| Stepping randomly (stuck).
  3882 | D:4      | 3882 ||| Stepping randomly (stuck).
  3883 | D:4      | 3883 ||| Stepping randomly (stuck).
  3884 | D:4      | 3884 ||| Stepping randomly (stuck).
  3885 | D:4      | 3885 ||| Stepping randomly (stuck).
  3909 | D:4      | 3909 ||| Stepping ~*~*~tactically~*~*~ (hiding).
  3920 | D:4      | Reached XP level 6. HP: 24/38 MP: 6/6
  3923 | D:4      | 3923 ||| DRINKING potion of curing.
  3923 | D:4      | 3923 ||| (to cure confusion)
  3933 | D:4      | HP: 9/38 [something (2)]
  4013 | D:4      | 4013 ||| FLEEEEING.
  4245 | D:4      | Noticed a black bear
  4263 | D:4      | Killed a black bear
  4528 | D:4      | Reached skill level 6 in Axes
  4615 | D:4      | HP: 8/38 [orc priest/divine providence (13)]
  4616 | D:4      | 4616 ||| READING scroll of teleportation.
  4616 | D:4      | Killed from afar by an orc priest

Levels and vault maps discovered:
D:1:      ncdulo_lavacross, layout_loops_corners,
          dreamdust_ecumenical_altar_drowned_temple
D:2:      minmay_wonky_spiral, layout_basic, serial_undead, serial_undead_c,
          serial_undead_c, serial_undead_a, serial_undead_c, serial_undead_d,
          minmay_goblin_outpost
D:3:      layout_loops_corners, serial_shops, shop
D:4:      layout_loops_cross, lemuel_coloured_pillars_altar,
          serial_co_window_serial, co_window_of_opportunity_a,
          co_window_of_opportunity_a, co_window_cross_1, co_window_corner_a,
          co_window_paths_a, co_window_2corner, co_window_unsneaky_path_c,
          co_window_of_opportunity_b, co_window_paths_c,
          co_window_unsneaky_path_c, glass_columns_c, glass_columns_b,
          glass_columns_b, glass_columns_a, chequers_serial_rivers_micro_b,
          dk_noncrumbling_2

Skill      XL: |  1  2  3  4  5  6 |
---------------+-------------------+-----
Axes           | 2 3 4 5 6 |  6.2
Fighting       | 4 |  4.1
Armour         | |  3.2
Shields        | |  3.2

Action                   |  1- 3 |  4- 6 || total
-------------------------+-------+-------++-------
Melee: War axe           |   130 |   149 ||   279
  Use: Scroll            |     2 |     9 ||    11
       Potion            |       |     4 ||     4
Armor: Scale mail        |    90 |    82 ||   172
Dodge: Dodged            |    67 |    84 ||   151
Block: Buckler           |    19 |    33 ||    52

Table legend:
 A = Non-vault XP
 B = Vault XP
 C = Vault XP percentage of total XP
 D = Non-vault monster count
 E = Vault monster count
 F = Vault count percentage of total count
                 A         B        C        D         E       F
            +---------+---------+-------+---------+---------+-------
      Total |     562 |      41 |   6.8 |      58 |      16 |  21.6
            +---------+---------+-------+---------+---------+-------
        D:1 |      25 |       1 |   3.8 |      15 |       1 |   6.2
        D:2 |     143 |      40 |  21.9 |      19 |      15 |  44.1
        D:3 |      73 |       0 |   0.0 |      12 |       0 |   0.0
        D:4 |     321 |       0 |   0.0 |      12 |       0 |   0.0
            +---------+---------+-------+---------+---------+-------
